 Dungeon Crawl Stone Soup version 0.21.1-1-g345015f (webtiles) character file.

14226 Shevrar the Grappler (level 11, -1/98 HPs)
             Began as a Troll Monk on May 1, 2018.
             Was an Elder of Hepliaklqana.
             Slain by a nine-headed hydra (8 damage)
             ... on level 2 of the Lair of Beasts.
             The game lasted 01:37:57 (11630 turns).

Shevrar the Grappler (Troll Monk)                  Turns: 11630, Time: 01:38:01

Health: -1/98      AC:  7    Str: 21    XL:     11   Next: 85%
Magic:  10/10      EV: 15    Int:  7    God:    Hepliaklqana [****..]
Gold:   98         SH:  0    Dex: 14    Spells: 8/10 levels left

rFire    . . .     SeeInvis .     - Unarmed
rCold    . . .     Gourm    +   (no shield)
rNeg     + . .     Faith    .   F - +1 robe {MR+}
rPois    .         Spirit   .   (helmet restricted)
rElec    .         Reflect  .   E - +0 cloak
rCorr    .         Harm     .   (gloves unavailable)
MR       ++...                  (boots unavailable)
Stlth    ++........             (no amulet)
HPRegen  0.66/turn              k - ring of positive energy
MPRegen  0.12/turn              l - ring of protection from magic

@: no status effects
A: large, unfitting armour, reduced essence, claws 3, fast metabolism 3,
gourmand, regeneration 1, shaggy fur 1, tough skin 2
a: Recall Ancestor, Ancestor Identity, Transference, Idealise, Renounce Religion


You were on level 2 of the Lair of Beasts.
You worshipped Hepliaklqana.
Hepliaklqana was greatly pleased with you.
You were not hungry.

You visited 3 branches of the dungeon, and saw 12 of its levels.
You also visited: Sewer.

You collected 683 gold pieces.
You spent 585 gold pieces at shops.

Inventory:

Missiles
 z - 6 tomahawks (quivered)
Armour
 E - a +0 cloak (worn)
 F - a +1 robe of magic resistance (worn)
Jewellery
 k - a ring of positive energy (left claw)
 l - a ring of protection from magic (right claw)
 s - an uncursed amulet of magic regeneration
Wands
 i - a wand of enslavement (4)
 r - a wand of acid (14)
 u - a wand of polymorph (24)
 x - a wand of random effects (10)
 y - a wand of digging (15)
 C - a wand of disintegration (3)
 D - a wand of iceblast (11)
Scrolls
 j - a scroll of amnesia
 A - 3 scrolls of remove curse
Potions
 b - 2 potions of flight
 c - 3 potions of magic
 d - a potion of degeneration {unknown}
 e - a potion of mutation {unknown}
 f - 2 potions of lignification
 g - 2 potions of haste
 h - 3 potions of agility
 m - 7 potions of heal wounds
 n - 3 potions of brilliance
 o - a potion of experience {unknown}
 p - 4 potions of might
 t - a potion of berserk rage {unknown}
 v - 3 potions of curing
Books
 a - a book of Enchantments

   Spells                             Type                      Level
   a - Cause Fear                     Hexes                        4
   b - Yara's Violent Unravelling     Hexes/Transmutation          5
   c - Silence                        Hexes/Air                    5
   d - Deflect Missiles               Charms/Air                   6
   e - Discord                        Hexes                        8
 B - a book of Minor Magic

   Spells                             Type                      Level
   a - Magic Dart                     Conjuration                  1
   b - Blink                          Translocation                2
   c - Call Imp                       Summoning                    2
   d - Slow                           Hexes                        2
   e - Conjure Flame                  Conjuration/Fire             3
   f - Mephitic Cloud                 Conjuration/Poison/Air       3
Miscellaneous
 w - a phantom mirror
Comestibles
 q - 22 rations


   Skills:
 + Level 7.2 Fighting
   Level 2.1 Maces & Flails
 - Level 7.0 Throwing
 + Level 9.2 Dodging
 - Level 1.0 Stealth
 + Level 11.8 Unarmed Combat


You had 8 spell levels left.
You knew the following spells:

 Your Spells              Type           Power        Failure   Level  Hunger
a - Blink                 Tloc           N/A          56%         2    ###....


Dungeon Overview and Level Annotations

Branches:
Dungeon (9/15)             Temple (1/1) D:6            Lair (2/6) D:8
  Swamp: Lair:2-4    Shoals: Lair:2-4     Snake: Lair:2-4    Spider: Lair:2-4
    Orc: D:9-12

Altars:
Ashenzari
Cheibriados
Dithmenos
Elyvilon
Fedhas
Gozag
Hepliaklqana
Kikubaaqudgha
Makhleb
Nemelex Xobeh
Okawaru
Qazlal
Ru
Sif Muna
Uskayaw
Xom
Yredelemnul
Zin
The Shining One

Shops:
D:5 :   D:9 }

Annotations:
Lair:1 exclusion: 2 oklob plants


Innate Abilities, Weirdness & Mutations

You are too large for most types of armour.
You have claws for hands.
Your metabolism is lightning-fast.
You like to eat raw meat.
Your natural rate of healing is unusually fast.
You are covered in fur. (AC +1)
You have very tough skin. (AC +2)
Your life essence is reduced to manifest your ancestor. (-10% HP)


Message History

The eight-headed hydra barely misses you.
The eight-headed hydra closely misses you.
The eight-headed hydra misses you. The eight-headed hydra bites you! x2
* * * LOW HITPOINT WARNING * * *
Septimus hits the eight-headed hydra with a dagger of draining.
Septimus drains the eight-headed hydra!
You tear one of the eight-headed hydra's heads off!
The seven-headed hydra grows two more!
You claw the nine-headed hydra!
The nine-headed hydra is heavily wounded.
The nine-headed hydra misses you.
The nine-headed hydra closely misses you.
The nine-headed hydra bites you but does no damage.
The nine-headed hydra bites you.
* * * LOW HITPOINT WARNING * * *
The nine-headed hydra bites you.
* * * LOW HITPOINT WARNING * * *
The nine-headed hydra bites you.
* * * LOW HITPOINT WARNING * * *
The nine-headed hydra misses you. The nine-headed hydra bites you!
You die...

..... .. .#
..... .#.# ...
.....###..##P.#
....(.........##
...............#
.....(........#
......(.......##
.......DR......#
....#.##@+..#.##
# .. ##.###..#
... ####.P#..##
#.. #......#..#
#. ##.......## #
#....###..#
##.....#.##
##P'##..##
##.#.#..#


You could see the friendly Septimus the hexer and a nine-headed hydra.

Vanquished Creatures
  Erolcha (D:9)
  A two-headed ogre (D:9)
  The ghost of Haldmier the Stinger, a novice NaVM of Cheibriados (D:5)
  A necromancer (D:9)
  Maurice (D:8)
  Psyche (D:9)
  4 spiny frogs (Lair:1)
  An efreet (D:8)
  A hippogriff (Lair:1)
  3 flying skulls (D:9)
  4 shadows (D:9)
  6 wraiths
  4 yaks (Lair:1)
  Eustachio (D:5)
  A basilisk (Lair:1)
  A steam dragon (D:8)
  Menkaure (D:5)
  2 soldier ants (D:8)
  A water moccasin (Lair:1)
  4 porcupines
  The ghost of Agrougrou the Magician, an amateur SpSu of Kikubaaqudgha (D:4)
  2 sky beasts
  2 black bears (D:8)
  4 orc warriors
  4 wolves
  3 phantoms
  3 ogres
  A crocodile (D:8)
  4 big kobolds (Sewer)
  6 bullfrogs
  2 water moccasin zombies
  A wyvern skeleton (D:9)
  4 scorpions
  2 water moccasin skeletons
  5 killer bees (D:7)
  5 wights (D:8)
  A howler monkey (D:6)
  3 centaur zombies
  3 crimson imps
  A jelly (D:9)
  A bullfrog zombie (D:9)
  3 centaur skeletons (D:9)
  6 hounds
  3 orc priests
  9 orc wizards
  4 bullfrog skeletons
  7 worker ants
  3 iguanas
  2 worker ant zombies (D:9)
  8 adders
  A howler monkey skeleton (D:7)
  A river rat (Lair:1)
  2 oozes
  An adder zombie (D:9)
  3 adder skeletons
  4 worms
  3 dart slugs
  3 leopard geckos
  24 orcs
  6 ball pythons
  13 bats
  9 giant cockroaches
  3 hobgoblins
  4 jackals (D:9)
  2 quokkas (D:5)
  5 frilled lizards
  5 goblins
  A jackal skeleton (D:7)
  17 kobolds
  A quokka skeleton (D:4)
  2 quokka zombies (D:5)
  8 rats
  A plant (Sewer)
262 creatures vanquished.

Vanquished Creatures (collateral kills)
  A spiny frog (Lair:1)
  A flying skull (D:9)
  A yak (Lair:1)
  Grum (D:9)
  A water moccasin (Lair:1)
  An orc warrior (D:6)
  A centaur (D:7)
  2 bullfrogs (D:7)
  A killer bee (D:7)
  A wight (D:8)
  A centaur skeleton (D:9)
  An orc wizard (D:7)
  A worker ant (D:7)
  A hound zombie (D:9)
  A hound skeleton (D:9)
  An adder skeleton (D:9)
  3 orcs (D:7)
  A giant cockroach (D:7)
  A plant (D:8)
22 creatures vanquished.

Vanquished Creatures (others)
  A black bear (D:8)
  A bullfrog skeleton (D:8)
  10 hexers
  32 fungi (D:8)
  10 plants
54 creatures vanquished.

Grand Total: 338 creatures vanquished

Notes
Turn   | Place    | Note
-------+----------+-------------------------------------------
     0 | D:1      | Shevrar the Troll Monk began the quest for the Orb.
     0 | D:1      | Reached XP level 1. HP: 22/22 MP: 0/0
   156 | D:1      | Reached XP level 2. HP: 29/29 MP: 1/1
   581 | D:1      | Reached XP level 3. HP: 36/36 MP: 2/2
   816 | D:2      | Found a basalt altar of Yredelemnul.
   911 | D:2      | Reached skill level 4 in Unarmed Combat
  1484 | D:3      | Reached XP level 4. HP: 44/44 MP: 3/3
  2088 | D:4      | Found a glowing drain.
  2101 | Sewer    | Entered a sewer
  2178 | Sewer    | Noticed a big kobold
  2178 | Sewer    | Noticed a big kobold
  2178 | Sewer    | Noticed a big kobold
  2190 | Sewer    | Killed a big kobold
  2190 | Sewer    | Reached skill level 1 in Throwing
  2190 | Sewer    | Reached XP level 5. HP: 48/52 MP: 4/4
  2201 | Sewer    | Reached skill level 5 in Unarmed Combat
  2212 | Sewer    | Reached XP level 6. HP: 57/59 MP: 5/5
  2798 | D:4      | Reached skill level 6 in Unarmed Combat
  2816 | D:4      | Noticed Agrougrou's ghost (amateur SpSu)
  2832 | D:4      | Killed Agrougrou's ghost
  2832 | D:4      | Reached XP level 7. HP: 54/66 MP: 6/6
  3391 | D:5      | Entered Level 5 of the Dungeon
  3458 | D:5      | Reached skill level 7 in Unarmed Combat
  3550 | D:5      | Found Mudurraa's Book Boutique.
  3629 | D:5      | Reached XP level 8. HP: 48/74 MP: 7/7
  3907 | D:5      | Noticed Haldmier's ghost (novice NaVM)
  3947 | D:5      | Killed Haldmier's ghost
  3947 | D:5      | Reached skill level 5 in Dodging
  3947 | D:5      | Reached skill level 8 in Unarmed Combat
  4217 | D:5      | Noticed Eustachio
  4407 | D:5      | Noticed Menkaure
  4431 | D:5      | Killed Menkaure
  4715 | D:5      | Killed Eustachio
  4715 | D:5      | Reached XP level 9. HP: 79/80 MP: 8/8
  5107 | D:6      | Reached skill level 9 in Unarmed Combat
  5138 | D:6      | Reached skill level 5 in Throwing
  5717 | D:6      | Found a staircase to the Ecumenical Temple.
  5727 | Temple   | Entered the Ecumenical Temple
  5874 | Temple   | Became a worshipper of Hepliaklqana the Forgotten
  5874 | Temple   | Reached * piety under Hepliaklqana
  5874 | Temple   | Reached ** piety under Hepliaklqana
  5875 | Temple   | Remembered your ancestor Septimus as a hexer
  6190 | D:6      | Found a deep blue altar of Sif Muna.
  6529 | D:7      | Reached skill level 10 in Unarmed Combat
  6572 | D:7      | Got an ancient flail {crush}
  6601 | D:7      | Identified the +3 flail of Watchfulness {crush, *Noise +Rage rPois Stlth+} (You took it off an orc on level 7 of the Dungeon)
  6717 | D:7      | Reached skill level 1 in Maces & Flails
  7364 | D:8      | Reached XP level 10. HP: 81/81 MP: 9/9
  7534 | D:8      | Noticed Maurice
  7565 | D:8      | Killed Maurice
  7820 | D:8      | Found a staircase to the Lair.
  7862 | D:8      | Got an ancient robe
  7873 | D:8      | Identified the +1 robe "Oqeob" {*Corrode Int+3} (You found it on level 8 of the Dungeon)
  8603 | D:9      | Noticed Grum
  8768 | D:9      | Reached skill level 5 in Fighting
  8943 | D:9      | Noticed a necromancer
  9023 | Lair:1   | Entered Level 1 of the Lair of Beasts
  9078 | Lair:1   | Noticed an oklob plant
  9172 | Lair:1   | Reached XP level 11. HP: 93/93 MP: 10/10
  9280 | Lair:1   | Reached *** piety under Hepliaklqana
  9577 | Lair:1   | Reached skill level 11 in Unarmed Combat
  9988 | Lair:1   | Noticed an oklob plant
 10338 | D:9      | Killed Grum
 10347 | D:9      | Killed a necromancer
 10436 | D:9      | Noticed a two-headed ogre
 10447 | D:9      | Killed a two-headed ogre
 10544 | D:9      | Noticed Erolcha
 10562 | D:9      | Killed Erolcha
 10806 | D:9      | Found Zupsuzya's Gadget Shop.
 10825 | D:9      | Bought a phantom mirror for 450 gold pieces
 10825 | D:9      | Bought a wand of iceblast (5) for 135 gold pieces
 10933 | D:9      | Noticed Psyche
 10943 | D:9      | Killed Psyche
 11040 | D:9      | Reached **** piety under Hepliaklqana
 11078 | D:9      | Learned a level 2 spell: Blink
 11564 | Lair:2   | Noticed a death yak
 11564 | Lair:2   | Noticed a death yak
 11564 | Lair:2   | Noticed a death yak
 11621 | Lair:2   | Noticed a seven-headed hydra
 11630 | Lair:2   | Slain by a nine-headed hydra

Skill      XL: |  1  2  3  4  5  6  7  8  9 10 11 |
---------------+----------------------------------+-----
Unarmed Combat | 4 5 6 7 8 10 11 | 11.8
Dodging        | 3 4 5 6 8 9 |  9.2
Throwing       | 1 2 3 4 6 7 |  7.0
Maces & Flails | 2 |  2.1
Fighting       | 3 5 7 |  7.2
Stealth        | |  1.0

Action                   |  1- 3 |  4- 6 |  7- 9 | 10-12 || total
-------------------------+-------+-------+-------+-------++-------
Melee: Unarmed           |    90 |   154 |   262 |   294 ||   800
       Punch             |       |     1 |    11 |    17 ||    29
       Flail             |       |       |     8 |       ||     8
 Fire: Blowgun           |       |     1 |       |       ||     1
Throw: Stone             |     5 |       |       |       ||     5
       Tomahawk          |     6 |    16 |    81 |    75 ||   178
Invok: Recall Ancestor   |       |       |     1 |     1 ||     2
       Ancestor Life: He |       |       |     1 |       ||     1
       Ancestor Identity |       |       |       |     1 ||     1
Evoke: Wand              |       |       |     6 |    43 ||    49
  Use: Scroll            |       |     5 |     9 |     8 ||    22
       Potion            |       |       |     5 |     3 ||     8
 Stab: Sleeping          |     4 |     2 |     3 |       ||     9
       Distracted        |       |       |     1 |     5 ||     6
       Confused          |       |       |     1 |     4 ||     5
  Eat: Chunk             |     7 |    14 |    44 |    31 ||    96
       Ration            |     1 |       |       |     2 ||     3
Armor: Robe              |    53 |    47 |    51 |    44 ||   195
       Animal skin       |       |       |       |     1 ||     1
Dodge: Dodged            |    75 |    90 |   136 |   155 ||   456
